 Dungeon Crawl Stone Soup version 0.22-a0-32-ga749362 (webtiles) character file.

142 nikopol the Chopper (level 5, 0/47 HPs)
             Began as a Minotaur Berserker on Jan 3, 2018.
             Was a Priest of Trog.
             Killed from afar by Squigly's ghost (8 damage)
             ... with a magic dart
             ... on level 3 of the Dungeon.
             The game lasted 00:05:45 (2055 turns).

nikopol the Chopper (Minotaur Berserker)            Turns: 2055, Time: 00:05:45

Health: 0/47       AC:  5    Str: 21    XL:     5   Next: 3%
Magic:  4/4        EV: 12    Int:  4    God:    Trog [***...]
Gold:   182        SH:  0    Dex: 11    Spells: 4/4 levels left

rFire    . . .     SeeInvis .   a - +0 hand axe
rCold    . . .     Gourm    .   (no shield)
rNeg     . . .     Faith    .   j - +0 ring mail
rPois    .         Spirit   .   (helmet restricted)
rElec    .         Reflect  .   (no cloak)
rCorr    .         Harm     .   (no gloves)
MR       .....                  (no boots)
Stlth    +.........             (no amulet)
HPRegen  0.15/turn              (no ring)
MPRegen  0.09/turn              (no ring)

@: lethally poisoned (0 -> -2), berserk cooldown, slowed, very slow
A: retaliatory headbutt, horns 2
a: Berserk, Trog's Hand, Burn Spellbooks, Renounce Religion


You were on level 3 of the Dungeon.
You worshipped Trog.
Trog was most pleased with you.
You were hungry.

You visited 1 branch of the dungeon, and saw 3 of its levels.

You collected 182 gold pieces.

Inventory:

Hand Weapons
 a - a +0 hand axe (weapon)
Missiles
 l - 24 bolts
 y - 17 arrows
Armour
 b - a +0 animal skin
 h - a +0 chain mail
 j - a +0 ring mail (worn)
Jewellery
 i - a +5 ring of strength {unknown}
 n - an uncursed ring of fire {unknown}
 q - an uncursed ring of wizardry {unknown}
 x - an uncursed amulet of guardian spirit {unknown}
 A - an uncursed ring of ice {unknown}
Wands
 s - a wand of paralysis (6)
Scrolls
 d - 2 scrolls of magic mapping {unknown}
 e - 2 scrolls of identify {unknown}
 k - 3 scrolls of remove curse {unknown}
 m - a scroll of fear {unknown}
 o - 2 scrolls of teleportation {unknown}
 p - 2 scrolls of enchant armour {unknown}
 u - a scroll of blinking {unknown}
 B - a scroll of amnesia {unknown}
Potions
 g - a potion of mutation {unknown}
 r - a potion of magic {unknown}
 t - 2 potions of flight {unknown}
 v - a potion of resistance {unknown}
 w - 2 potions of curing {unknown}
 z - a potion of haste {unknown}
Comestibles
 c - 4 rations
 f - 10 chunks of flesh


   Skills:
 + Level 4.6 Fighting
 + Level 5.6 Axes
 + Level 3.0 Armour
 + Level 2.8 Dodging
 + Level 0.2 Stealth


You had 4 spell levels left.
You didn't know any spells.

Dungeon Overview and Level Annotations

Branches:
Dungeon (3/15)

Altars:
Cheibriados

Annotations:
D:3 Squigly's ghost, amateur DrCj


Innate Abilities, Weirdness & Mutations

You reflexively headbutt those who attack you in melee.
You have a pair of horns on your head.


Message History

Squigly's ghost closely misses you.
You feel your anger nearly subside.
You are no longer berserk.
You are exhausted.
You feel yourself slow down.
You feel sick.
Squigly's ghost gestures at you while chanting.
The spray of energy hits you!
* * * LOW HITPOINT WARNING * * *
Okay, then.
You're too confused!
You feel less confused.
You feel sick.
Squigly's ghost says, "I will blast you to bits."
Squigly's ghost gestures at you while chanting.
The magic dart hits you!
* * * LOW HITPOINT WARNING * * *
The rat bites you but does no damage. Squigly's ghost casts a spell at you.
The magic dart hits you!
You die...

. .#.....## #.......#
#.......# ?......#
###.# .########....[#
..... ..............##
#### ######.Wr.....#
### #........# ..###
#..@.....#
#...##########.#.....##
###..#......##.##...##
...........>...######
###...........##
###........)..#
.###.(........##
...#.....>.....##
.#..............#


You could see Squigly's ghost and a rat.

Vanquished Creatures
  3 adders
  3 oozes
  4 worms
  2 dart slugs (D:3)
  A leopard gecko (D:1)
  2 orcs (D:3)
  A ball python (D:1)
  11 bats
  5 giant cockroaches
  10 goblins
  11 hobgoblins
  3 jackals (D:1)
  9 kobolds
  3 frilled lizards
  12 rats
80 creatures vanquished.

Notes
Turn   | Place    | Note
-------+----------+-------------------------------------------
     0 | D:1      | nikopol the Minotaur Berserker began the quest for the Orb.
     0 | D:1      | Reached XP level 1. HP: 19/19 MP: 0/0
    86 | D:1      | Reached XP level 2. HP: 17/27 MP: 1/1
    92 | D:1      | Reached skill level 4 in Axes
   347 | D:1      | Reached XP level 3. HP: 33/33 MP: 2/2
   600 | D:1      | Reached ** piety under Trog
   609 | D:1      | Found a snail-covered altar of Cheibriados.
  1178 | D:2      | Reached XP level 4. HP: 39/41 MP: 3/3
  1352 | D:2      | Reached skill level 5 in Axes
  1961 | D:3      | Reached XP level 5. HP: 46/47 MP: 4/4
  1980 | D:3      | Reached *** piety under Trog
  2042 | D:3      | Noticed Squigly's ghost (amateur DrCj)
  2055 | D:3      | Killed from afar by Squigly's ghost

Vault maps used:
D:1:      dpeg_arrival_prison, cheibriados_altar_1
D:2:      minmay_misc_feat_chi
D:3:      cheibrodos_greedy_goblins, kiku_gazebo_garden_becter,
          grunt_ministairs_9, minmay_divided_ellipse

Skill      XL: |  1  2  3  4 |
---------------+-------------+-----
Fighting       | 4 |  4.6
Axes           | 4 5 |  5.6
Armour         | 3 |  3.0
Dodging        | |  2.8
Stealth        | |  0.2

Action                   |  1- 3 |  4- 6 || total
-------------------------+-------+-------++-------
Melee: Hand axe          |    79 |    83 ||   162
       Headbutt          |    10 |    18 ||    28
Invok: Berserk           |       |     1 ||     1
  Eat: Chunk             |     1 |     3 ||     4
Armor: Animal skin       |     8 |       ||     8
       Chain mail        |     5 |       ||     5
       Ring mail         |    13 |    25 ||    38
Dodge: Dodged            |    51 |    49 ||   100

Table legend:
 A = Spawn XP
 B = Non-spawn XP
 C = Spawn XP percentage of total XP
 D = Spawn monster count
 E = Non-spawn monster count
 F = Spawn count percentage of total count
 G = Total turns spent on level
                    A         B        C        D         E        F      G
               +---------+---------+-------+---------+---------+-------+---------
         Total |       0 |     203 |   0.0 |       0 |      80 |   0.0 |  2055
               +---------+---------+-------+---------+---------+-------+---------
           D:1 |       0 |      56 |   0.0 |       0 |      28 |   0.0 |   890
           D:2 |       0 |      69 |   0.0 |       0 |      23 |   0.0 |   772
           D:3 |       0 |      78 |   0.0 |       0 |      29 |   0.0 |   393
               +---------+---------+-------+---------+---------+-------+---------
